General information
- name: BNet
- type: Ladder 1vs1/FFA
- host: Battle.net
- saver: ZombieCaylee
map: LostTemple
- players: 2
- length: 37:53
- speed: Fast
- version: 1.26 W3XP
- replay type: Public
» download(104 KB)
Players
team 1 (loser)
MMM1313 (
pink | 23 APM | 877 actions | 37:52)
4 Blademaster
2 Wind Walk
1 Mirror Image
1 Critical Strike
3 Far Seer
1 Chain Lighting
2 Feral Spirit
2 Shadow Hunter
1 Healing Wave
1 Hex
» actions
| Build / train | 100 | |
| Enter build submenu | 32 | |
| Enter hero's abilities submenu | 9 | |
| Remove unit from queue | 4 | |
| Right click | 332 | |
| Select / deselect | 340 | |
| Use ability | 60 | |
877 total
» units
| Peon | 31 | |
| Grunt | 4 | |
| Troll Headhunter/Berserker | 6 | |
| Wind Rider | 6 | |
| Shaman | 3 | |
| Raider | 5 | |
| Demolisher | 6 | |
| Tauren | 3 | |
64 total
» upgrades
| Melee Weapons | 3 | |
| Shaman Training | 2 | |
| Ranged Weapons | 1 | |
| Envenomed Spears | 1 | |
| Pillage | 1 | |
| Burning Oil | 1 | |
| Spiked Barricades | 2 | |
| Pulverize | 1 | |
| Berserker Upgrade | 1 | |
| Troll Regeneration | 0 | |
| Witch Doctor Training | 2 | |
| Ensnare | 1 | |
16 total
» buildings
| Altar of Storms | 1 | |
| Orc Burrow | 10 | |
| War Mill | 1 | |
| Barracks | 1 | |
| Stronghold | 1 | |
| Watch Tower | 11 | |
| Spirit Lodge | 1 | |
| Fortress | 1 | |
| Beastiary | 1 | |
| Great Hall | 3 | |
| Tauren Totem | 1 | |
32 total
» build order
00:08 Altar of Storms
00:11 Orc Burrow
00:26 War Mill
01:20 Barracks
01:51 Orc Burrow
03:32 Stronghold
04:25 Watch Tower
05:46 Orc Burrow
06:39 Watch Tower
07:12 Spirit Lodge
07:48 Watch Tower
08:09 Fortress
09:25 Orc Burrow
09:37 Beastiary
10:53 Great Hall
10:59 Watch Tower
12:12 Watch Tower
12:45 Orc Burrow
13:21 Orc Burrow
13:37 Watch Tower
13:51 Tauren Totem
14:30 Orc Burrow
16:08 Orc Burrow
19:01 Watch Tower
20:28 Great Hall
23:14 Great Hall
26:24 Watch Tower
30:17 Watch Tower
30:24 Watch Tower
30:33 Watch Tower
34:53 Orc Burrow
34:57 Orc Burrow
» items
team 2 (winner)
ZombieCaylee (
green | 68 APM | 2563 actions | 37:53)
6 Archmage
3 Blizzard
2 Brilliance Aura
1 Mass Teleport
5 Blood Mage
3 Flame Strike
2 Banish
3 Mountain King
2 Storm Bolt
1 Thunder Clap
» actions
| Assign group hotkey | 47 | |
| Basic commands | 125 | |
| Build / train | 134 | |
| ESC pressed | 6 | |
| Enter build submenu | 70 | |
| Enter hero's abilities submenu | 14 | |
| Give item / drop item | 5 | |
| Right click | 985 | |
| Select / deselect | 504 | |
| Select group hotkey | 350 | |
| Use ability | 323 | |
2563 total
» units
| Peasant | 20 | |
| Goblin Zeppelin | 1 | |
| Goblin Shredder | 2 | |
| Gryphon Rider | 2 | |
| Sorceress | 3 | |
| Dragonhawk Rider | 3 | |
| Flying Machine | 3 | |
34 total
» upgrades
| Masonry | 3 | |
| Swords | 3 | |
| Armor | 3 | |
| Magic Sentry | 1 | |
| Sorceress Training | 2 | |
| Storm Hammers | 1 | |
| Cloud | 1 | |
| Animal War Training | 1 | |
| Flak Cannons | 1 | |
| Gunpowder | 2 | |
| Flying Machine Bombs | 1 | |
| Plating | 1 | |
20 total
» buildings
| Altar of Kings | 2 | |
| Farm | 11 | |
| Arcane Vault | 1 | |
| Lumber Mill | 2 | |
| Scout Tower | 75 | |
| Arcane Tower | 9 | |
| Guard Tower | 25 | |
| Town Hall | 3 | |
| Keep | 1 | |
| Blacksmith | 2 | |
| Arcane Sanctum | 3 | |
| Castle | 1 | |
| Gryphon Aviary | 4 | |
| Barracks | 1 | |
| Workshop | 1 | |
141 total
» build order
00:04 Altar of Kings
00:28 Farm
00:30 Farm
00:49 Arcane Vault
01:07 Lumber Mill
01:18 Scout Tower
01:36 Scout Tower
02:17 Arcane Tower
02:43 Scout Tower
02:55 Arcane Tower
03:30 Arcane Tower
03:34 Scout Tower
03:34 Scout Tower
03:39 Farm
03:44 Scout Tower
03:44 Scout Tower
03:45 Scout Tower
03:46 Scout Tower
03:47 Scout Tower
03:48 Scout Tower
03:55 Scout Tower
03:56 Scout Tower
04:12 Guard Tower
04:18 Arcane Tower
04:20 Guard Tower
04:20 Guard Tower
04:30 Guard Tower
04:37 Scout Tower
04:37 Scout Tower
04:47 Guard Tower
04:54 Scout Tower
04:54 Guard Tower
05:04 Guard Tower
05:11 Scout Tower
05:28 Guard Tower
05:34 Farm
05:44 Arcane Tower
06:17 Town Hall
06:23 Guard Tower
06:31 Guard Tower
07:20 Keep
07:25 Scout Tower
07:25 Scout Tower
07:30 Scout Tower
07:32 Scout Tower
07:33 Blacksmith
08:01 Farm
08:36 Guard Tower
08:40 Scout Tower
08:41 Scout Tower
09:00 Guard Tower
09:05 Scout Tower
09:06 Scout Tower
09:19 Guard Tower
09:28 Scout Tower
09:29 Scout Tower
09:30 Scout Tower
09:31 Scout Tower
09:31 Scout Tower
09:31 Scout Tower
09:44 Guard Tower
09:51 Arcane Sanctum
09:52 Arcane Sanctum
09:54 Arcane Sanctum
10:12 Guard Tower
10:15 Guard Tower
10:42 Castle
10:44 Gryphon Aviary
10:45 Gryphon Aviary
10:49 Gryphon Aviary
13:01 Guard Tower
15:02 Farm
15:14 Scout Tower
15:15 Scout Tower
15:16 Scout Tower
15:17 Scout Tower
15:38 Barracks
16:45 Guard Tower
18:14 Guard Tower
20:34 Town Hall
20:38 Scout Tower
20:40 Scout Tower
20:41 Scout Tower
20:42 Scout Tower
20:43 Scout Tower
20:44 Scout Tower
20:45 Scout Tower
20:45 Scout Tower
20:46 Scout Tower
20:47 Scout Tower
21:58 Gryphon Aviary
22:00 Workshop
22:46 Guard Tower
23:34 Arcane Tower
23:40 Arcane Tower
24:31 Scout Tower
25:26 Guard Tower
27:43 Farm
27:45 Farm
27:45 Farm
27:46 Farm
27:47 Farm
32:00 Scout Tower
32:00 Scout Tower
32:01 Scout Tower
32:02 Scout Tower
32:06 Scout Tower
32:07 Scout Tower
32:08 Scout Tower
32:08 Scout Tower
32:11 Scout Tower
32:12 Scout Tower
32:13 Scout Tower
32:15 Scout Tower
32:17 Scout Tower
32:19 Scout Tower
32:20 Scout Tower
32:41 Arcane Tower
32:43 Guard Tower
33:12 Arcane Tower
33:13 Guard Tower
33:14 Scout Tower
34:49 Guard Tower
34:54 Scout Tower
34:55 Scout Tower
34:56 Scout Tower
34:57 Scout Tower
35:00 Scout Tower
35:00 Scout Tower
35:01 Scout Tower
35:03 Scout Tower
35:06 Scout Tower
35:06 Scout Tower
35:07 Scout Tower
35:08 Scout Tower
35:09 Scout Tower
37:06 Guard Tower
37:10 Town Hall
37:12 Lumber Mill
37:31 Blacksmith
37:35 Altar of Kings
» items
| Mechanical Critter | 4 | |
| Lesser Clarity Potion | 3 | |
| Scroll of Regeneration | 4 | |
| Potion of Mana | 1 | |
| Boots of Speed | 1 | |
| Staff of Teleportation | 1 | |
| Periapt of Vitality | 1 | |
| Staff of Sanctuary | 3 | |
| Potion of Healing | 4 | |
| Scroll of Town Portal | 2 | |
| Ivory Tower | 2 | |
| Orb of Fire | 1 | |
27 total
Chat log
(36:32 / All) ZombieCaylee: hey
(36:34 / All) ZombieCaylee: your guys died.
(36:37 / All) ZombieCaylee: leave?
(36:44 / All) ZombieCaylee: LOL
(36:58 / All) ZombieCaylee: i didnt lose a single unit
(37:01 / All) ZombieCaylee: not even a worker
(37:04 / All) ZombieCaylee: how does that make you feel?